SAAA
TORTOLITA DRUMMERS @ HOUSTON BC
07/18/2030
 
TOP OF THE 1ST
Tortolita Drummers batting - Pitching for Houston BC : RHP Arnout Els
Pitching: RHP Arnout Els
Batting: RHB Jeb Sexton 0-0: Called Strike
0-1: Foul Ball, location: 2F
0-2: TRIPLE (Line Drive, 9D)
Batting: SHB Cash Masters 0-0: Ball
1-0: Foul Ball, location: 2F
1-1: Foul Ball, location: 2F
1-2: Fly out, F9 (Flyball, 89M)
Runner from 3rd tags up, SCORES, no throw
Batting: RHB Lloyd Alberink 0-0: Foul Ball, location: 2F
0-1: Fly out, F8 (Line Drive, 89D)
Batting: RHB Ricardo Pacheco 0-0: Ball
1-0: Ball
2-0: Foul Ball, location: 2F
2-1: Called Strike
2-2: SINGLE (Groundball, 4S) (infield hit)
Batting: LHB Steve Costillo 0-0: Called Strike
0-1: Ball
1-1: Ball
2-1: Foul Ball, location: 2F
2-2: Foul Ball, location: 2F
2-2: Ball
3-2: Fly out, F7 (Flyball, 78D)
Top of the 1st over - 1 run, 2 hits, 0 errors, 1 left on base; Tortolita 1 - Houston 0
BOTTOM OF THE 1ST
Houston BC batting - Pitching for Tortolita Drummers : RHP Dave Seals
Pitching: RHP Dave Seals
Batting: RHB Habbo Allaart 0-0: Foul Ball, location: 2F
0-1: Ball
1-1: Ground out 6-3 (Groundball, 6)
Batting: SHB Ricardo Pérez 0-0: Ball
1-0: Ball
2-0: Foul Ball, location: 2F
2-1: Ball
3-1: Called Strike
3-2: SINGLE (Line Drive, 89S)
Batting: RHB Alfredo Rivera 0-0: Called Strike
0-1: Ball
1-1: Ball
2-1: Fly out, F6 (Line Drive, 6)
Batting: RHB António López 0-0: Called Strike
0-1: Foul Ball, location: 2F
0-2: Ball
1-2: Strikes out swinging
Bottom of the 1st over - 0 runs, 1 hit, 0 errors, 1 left on base; Tortolita 1 - Houston 0
TOP OF THE 2ND
Tortolita Drummers batting - Pitching for Houston BC : RHP Arnout Els
Batting: RHB Jim Burch 0-0: Ball
1-0: Ground out 5-3 (Groundball, 56S)
Batting: SHB Anthony Hopkins 0-0: Ground out U3 (Groundball, 3)
Batting: RHB Jesús Cisneros 0-0: Called Strike
0-1: Called Strike
0-2: Ball
1-2: Ball
2-2: Fly out, F9 (Flyball, 9S)
Top of the 2nd over - 0 runs, 0 hits, 0 errors, 0 left on base; Tortolita 1 - Houston 0
BOTTOM OF THE 2ND
Houston BC batting - Pitching for Tortolita Drummers : RHP Dave Seals
Batting: RHB Phil Dougherty 0-0: Called Strike
0-1: Ball
1-1: Called Strike
1-2: Foul Ball, location: 2F
1-2: Foul Ball, location: 2F
1-2: Strikes out swinging
Batting: LHB Lee Hart 0-0: Ball
1-0: Ball
2-0: Called Strike
2-1: Foul Ball, location: 2F
2-2: Foul Ball, location: 2F
2-2: Ball
3-2: Foul Ball, location: 2F
3-2: Base on Balls
Batting: RHB Dennis Morrow 0-0: Foul Ball, location: 2F
0-1: Called Strike
0-2: Strikes out swinging
Batting: RHB Noël Sassetti 0-0: Fielders Choice at 2nd, 5-4 (Groundball, 56)
Bottom of the 2nd over - 0 runs, 0 hits, 0 errors, 1 left on base; Tortolita 1 - Houston 0
TOP OF THE 3RD
Tortolita Drummers batting - Pitching for Houston BC : RHP Arnout Els
Batting: RHB Santo Alba 0-0: Foul Ball, location: 2F
0-1: Called Strike
0-2: Foul Ball, location: 2F
0-2: Fly out, F9 (Flyball, 9)
Batting: RHB Jeb Sexton 0-0: Ball
1-0: Ball
2-0: Ball
3-0: Base on Balls
Batting: SHB Cash Masters 0-0: Ball
1-0: Ball
2-0: Fielders Choice at 2nd, 1-6 (Groundball, 13S)
Batting: RHB Lloyd Alberink 0-0: Called Strike
0-1: Foul Ball, location: 2F
0-2: Ball
1-2: DOUBLE (Line Drive, 7LM)
Cash Masters to third
Batting: RHB Ricardo Pacheco 0-0: Ball
1-0: Ball
2-0: Ball
3-0: Base on Balls
Batting: LHB Steve Costillo 0-0: Called Strike
0-1: Foul Ball, location: 2F
0-2: Strikes out swinging
Top of the 3rd over - 0 runs, 1 hit, 0 errors, 3 left on base; Tortolita 1 - Houston 0
BOTTOM OF THE 3RD
Houston BC batting - Pitching for Tortolita Drummers : RHP Dave Seals
Batting: RHB George Zeek 0-0: Called Strike
0-1: Swinging Strike
0-2: Strikes out swinging
Batting: RHB Habbo Allaart 0-0: Called Strike
0-1: Ball
1-1: Swinging Strike
1-2: Strikes out swinging
Batting: SHB Ricardo Pérez 0-0: Called Strike
0-1: Ball
1-1: Called Strike
1-2: Ball
2-2: SINGLE (Flyball, 9S)
Batting: RHB Alfredo Rivera 0-0: Called Strike
0-1: Foul Ball, location: 2F
0-2: Ball
1-2: Strikes out swinging
Bottom of the 3rd over - 0 runs, 1 hit, 0 errors, 1 left on base; Tortolita 1 - Houston 0
TOP OF THE 4TH
Tortolita Drummers batting - Pitching for Houston BC : RHP Arnout Els
Batting: RHB Jim Burch 0-0: Ball
1-0: Swinging Strike
1-1: Fly out, F7 (Flyball, 7S)
Batting: SHB Anthony Hopkins 0-0: Ball
1-0: Ball
2-0: Called Strike
2-1: Ball
3-1: Swinging Strike
3-2: Base on Balls
Batting: RHB Jesús Cisneros 0-0: Ball
1-0: Called Strike
1-1: Ball
2-1: Fly out, F9 (Flyball, 9)
Batting: RHB Santo Alba 0-0: Ball
1-0: Foul Ball, location: 2F
1-1: Called Strike
1-2: Ball
2-2: SINGLE (Groundball, 56S) (infield hit)
Anthony Hopkins to second
Batting: RHB Jeb Sexton 0-0: SINGLE (Flyball, 4D)
Anthony Hopkins to third
Santo Alba to second
Batting: SHB Cash Masters 0-0: Foul Ball, location: 2F
0-1: Fielders Choice at 2nd, 5-4 (Groundball, 5)
Top of the 4th over - 0 runs, 2 hits, 0 errors, 3 left on base; Tortolita 1 - Houston 0
BOTTOM OF THE 4TH
Houston BC batting - Pitching for Tortolita Drummers : RHP Dave Seals
Batting: RHB António López 0-0: Fly out, F8 (Flyball, 8RS)
Batting: RHB Phil Dougherty 0-0: Called Strike
0-1: Ball
1-1: Fly out, F8 (Flyball, 8RD)
Batting: LHB Lee Hart 0-0: Called Strike
0-1: Ball
1-1: Fly out, F9 (Flyball, 9LS)
Bottom of the 4th over - 0 runs, 0 hits, 0 errors, 0 left on base; Tortolita 1 - Houston 0
TOP OF THE 5TH
Tortolita Drummers batting - Pitching for Houston BC : RHP Arnout Els
Batting: RHB Lloyd Alberink 0-0: Called Strike
0-1: Called Strike
0-2: Foul Ball, location: 2F
0-2: Ground out 6-3 (Groundball, 6)
Batting: RHB Ricardo Pacheco 0-0: Ball
1-0: Ball
2-0: Foul Ball, location: 2F
2-1: Swinging Strike
2-2: Strikes out swinging
Batting: LHB Steve Costillo 0-0: Called Strike
0-1: Ball
1-1: Called Strike
1-2: Foul Ball, location: 2F
1-2: Ball
2-2: Ball
3-2: Foul Ball, location: 2F
3-2: Ground out 1-3 (Groundball, P)
Top of the 5th over - 0 runs, 0 hits, 0 errors, 0 left on base; Tortolita 1 - Houston 0
BOTTOM OF THE 5TH
Houston BC batting - Pitching for Tortolita Drummers : RHP Dave Seals
Batting: RHB Dennis Morrow 0-0: Fly out, F8 (Flyball, 8LD)
Batting: RHB Noël Sassetti 0-0: Foul Ball, location: 2F
0-1: Swinging Strike
0-2: Ball
1-2: Ball
2-2: Foul Ball, location: 2F
2-2: SINGLE (Line Drive, 89S)
Batting: RHB George Zeek 0-0: Called Strike
0-1: Fly out, F7 (Line Drive, 78M)
Batting: RHB Habbo Allaart 0-0: Foul Ball, location: 2F
0-1: Foul Ball, location: 2F
0-2: Ball
1-2: Foul Ball, location: 2F
1-2: Ball
2-2: Ball
3-2: Ground out 6-3 (Groundball, 6)
Bottom of the 5th over - 0 runs, 1 hit, 0 errors, 1 left on base; Tortolita 1 - Houston 0
TOP OF THE 6TH
Tortolita Drummers batting - Pitching for Houston BC : RHP Arnout Els
Batting: RHB Jim Burch 0-0: Ball
1-0: Called Strike
1-1: Ball
2-1: Called Strike
2-2: Strikes out looking
Batting: SHB Anthony Hopkins 0-0: SINGLE (Flyball, 8LS)
Batting: RHB Jesús Cisneros 0-0: Ball
1-0: Fly out, F6 (Line Drive, 6)
Batting: RHB Santo Alba 0-0: Fly out, F9 (Flyball, 9LSF)
Top of the 6th over - 0 runs, 1 hit, 0 errors, 1 left on base; Tortolita 1 - Houston 0
BOTTOM OF THE 6TH
Houston BC batting - Pitching for Tortolita Drummers : RHP Dave Seals
Batting: SHB Ricardo Pérez 0-0: Ball
1-0: Ball
2-0: Ball
3-0: Base on Balls
Batting: RHB Alfredo Rivera 0-0: Fly out, F9 (Line Drive, 9LM)
Batting: RHB António López 0-0: Foul Ball, location: 2F
0-1: Ball
1-1: Called Strike
1-2: Strikes out swinging
Batting: RHB Phil Dougherty 0-0: Ball
Ricardo Pérez steals 2nd base
1-0: Ball
2-0: Called Strike
2-1: Foul Ball, location: 2F
2-2: Ground out 6-3 (Groundball, 6)
Bottom of the 6th over - 0 runs, 0 hits, 0 errors, 1 left on base; Tortolita 1 - Houston 0
TOP OF THE 7TH
Tortolita Drummers batting - Pitching for Houston BC : RHP Arnout Els
Batting: RHB Jeb Sexton 0-0: Foul Ball, location: 2F
0-1: Ball
1-1: Ball
2-1: Ball
3-1: Fly out, F8 (Flyball, 89M)
Batting: SHB Cash Masters 0-0: Ball
1-0: Ball
2-0: Ground out 3-1 (Groundball, 34)
Batting: RHB Lloyd Alberink 0-0: Ball
1-0: Foul Ball, location: 2F
1-1: Ground out 3-1 (Groundball, 34S)
Top of the 7th over - 0 runs, 0 hits, 0 errors, 0 left on base; Tortolita 1 - Houston 0
BOTTOM OF THE 7TH
Houston BC batting - Pitching for Tortolita Drummers : RHP Dave Seals
Batting: LHB Lee Hart 0-0: Ball
1-0: Called Strike
1-1: Called Strike
1-2: Ball
2-2: Foul Ball, location: 2F
2-2: Ball
3-2: Strikes out swinging
Batting: RHB Dennis Morrow 0-0: Ball
1-0: Ball
2-0: Foul Ball, location: 2F
2-1: Swinging Strike
2-2: Ground out 6-3 (Groundball, 6MS)
Batting: RHB Noël Sassetti 0-0: Ball
1-0: Ball
2-0: Ball
3-0: Base on Balls
Batting: RHB George Zeek 0-0: Ball
1-0: Called Strike
1-1: Fielders Choice at 2nd, 6-4 (Groundball, 56)
Bottom of the 7th over - 0 runs, 0 hits, 0 errors, 1 left on base; Tortolita 1 - Houston 0
TOP OF THE 8TH
Tortolita Drummers batting - Pitching for Houston BC : RHP Arnout Els
Batting: RHB Ricardo Pacheco 0-0: Ball
1-0: Swinging Strike
1-1: Fly out, F9 (Flyball, 9S)
Batting: LHB Steve Costillo 0-0: Called Strike
0-1: Ball
1-1: Swinging Strike
1-2: DOUBLE (Line Drive, 9LM)
Pitching: RHP Pepe Delgado
Batting: RHB Jim Burch 0-0: Hit by Pitch
Batting: SHB Anthony Hopkins 0-0: Called Strike
0-1: Foul Ball, location: 2F
0-2: Foul Ball, location: 2F
0-2: Strikes out swinging
Pinch Hitting: LHB Bernardo Elías 0-0: Ball
1-0: Ball
2-0: Foul Ball, location: 2F
2-1: SINGLE (Groundball, 4M) (infield hit)
Steve Costillo to third
Jim Burch to second
Batting: RHB Santo Alba 0-0: Ball
1-0: SINGLE (Groundball, 34D)
Steve Costillo scores
Jim Burch to third
Bernardo Elías to second
Batting: RHB Jeb Sexton 0-0: Ball
1-0: Ball
2-0: Ball
3-0: Called Strike
3-1: Swinging Strike
3-2: Foul Ball, location: 2F
3-2: SINGLE (Flyball, 89S)
Jim Burch scores
Bernardo Elías to third
Santo Alba to second
Bernardo Elías scores
Santo Alba to third
Pitching: LHP Miguel Jiménez
Batting: SHB Cash Masters 0-0: Called Strike
0-1: Fielders Choice at 2nd, 5-4 (Groundball, 5)
Top of the 8th over - 3 runs, 4 hits, 0 errors, 2 left on base; Tortolita 4 - Houston 0
BOTTOM OF THE 8TH
Houston BC batting - Pitching for Tortolita Drummers : RHP Dave Seals
Now in CF: Bernardo Elías
Batting: RHB Habbo Allaart 0-0: Called Strike
0-1: Swinging Strike
0-2: Ball
1-2: Ball
2-2: Foul Ball, location: 2F
2-2: Ball
3-2: TRIPLE (Flyball, 9LD)
Batting: SHB Ricardo Pérez 0-0: Ball
1-0: Foul Ball, location: 2F
1-1: Ball
2-1: Foul Ball, location: 2F
2-2: Ball
3-2: Foul Ball, location: 2F
3-2: Fly out, F7 (Flyball, 7)
Runner from 3rd tags up, OUT at HOME
Batting: RHB Alfredo Rivera 0-0: Ball
1-0: Ground out 4-3 (Groundball, 4)
Bottom of the 8th over - 0 runs, 1 hit, 0 errors, 0 left on base; Tortolita 4 - Houston 0
TOP OF THE 9TH
Tortolita Drummers batting - Pitching for Houston BC : LHP Miguel Jiménez
Batting: RHB Lloyd Alberink 0-0: Ball
1-0: Fly out, F3 (Popup, 3F)
Batting: RHB Ricardo Pacheco 0-0: Swinging Strike
0-1: Ball
1-1: Swinging Strike
1-2: Ball
2-2: Foul Ball, location: 2F
2-2: Ball
3-2: Foul Ball, location: 2F
3-2: Base on Balls
Batting: LHB Steve Costillo 0-0: Ball
1-0: Ball
2-0: Ball
3-0: Called Strike
3-1: Called Strike
3-2: Fly out, F7 (Flyball, 7LM)
Batting: RHB Jim Burch 0-0: Called Strike
0-1: Called Strike
0-2: Foul Ball, location: 2F
0-2: SINGLE (Groundball, 6D)
Ricardo Pacheco to second
Batting: SHB Anthony Hopkins 0-0: Foul Ball, location: 2F
0-1: Ground out 5-3 (Groundball, 56)
Top of the 9th over - 0 runs, 1 hit, 0 errors, 2 left on base; Tortolita 4 - Houston 0
BOTTOM OF THE 9TH
Houston BC batting - Pitching for Tortolita Drummers : RHP Dave Seals
Pitching: RHP Briggs Bourgeois
Batting: RHB António López 0-0: Ground out 5-3 (Groundball, 5L)
Batting: RHB Phil Dougherty 0-0: Foul Ball, location: 2F
0-1: Ball
1-1: Foul Ball, location: 2F
1-2: Strikes out looking
Batting: LHB Lee Hart 0-0: Foul Ball, location: 2F
0-1: Foul Ball, location: 2F
0-2: Foul Ball, location: 2F
0-2: Ball
1-2: Ball
2-2: Fly out, F7 (Flyball, 7LM)
Bottom of the 9th over - 0 runs, 0 hits, 0 errors, 0 left on base; Tortolita 4 - Houston 0
Sunday, March 18th, 2018 - OOTP Baseball 18.8 Build 76